 Dungeon Crawl Stone Soup version 0.29-a0-973-gac7da5f7f0 (webtiles) character file.

Game seed: 1417939748263140988

529 Spectrina the Magician (level 7, -3/49 HPs)
             Began as a Djinni Venom Mage on July 30, 2022.
             Was an Initiate of Yredelemnul.
             Slain by Prince Ribbit (6 damage)
             ... on level 5 of the Dungeon on July 31, 2022.
             The game lasted 00:26:35 (2352 turns).

Spectrina the Magician (Djinni Venom Mage)          Turns: 2352, Time: 00:26:36

Health: -3/49      AC:  6    Str:  7    XL:     7   Next: 48%
Gold:   95         EV: 12    Int: 22    God:    Yredelemnul [......] SH:  0 Dex: 14

rFire   + + +      SeeInvis .   r - +2 sling (vorpal)
rCold   . . .      Faith    .   (no shield)
rNeg    . . .      Spirit   .   a - +0 robe
rPois   ∞          Reflect  .   (no helmet)
rElec   +          Harm     .   (no cloak)
rCorr   +          Rampage  .   (no gloves)
Will    .....                   (boots unavailable)
Stlth   ++........              (no amulet)
HPRegen 0.16/turn               i - ring of Boyfos {rPois rF+ MP-9 AC+4 Int+4}
MPRegen 0.00/turn               u - ring of wizardry

@: resistant, flying
A: sickness immunity, fire resistance 2, cold vulnerability 1, float, innate
caster, HP casting, extra vitality 1
a: Renounce Religion, Recall Undead Harvest


You were on level 5 of the Dungeon.
You worshipped Yredelemnul.
Yredelemnul was noncommittal.
You visited 1 branch of the dungeon, and saw 5 of its levels.

You collected 95 gold pieces.

Inventory:

Hand Weapons
 f - a +1 short sword of speed
 m - a +1 war axe of electrocution
 r - a +2 vorpal sling (weapon)
Missiles
 q - 4 atropa-tipped darts
Armour
 a - a +0 robe (worn)
Jewellery
 i - the ring of Boyfos (left hand) {rPois rF+ MP-9 AC+4 Int+4}
   (You found it on level 4 of the Dungeon)

   [ring of protection]

   AC:        It affects your AC (+4).
   Int:       It affects your intelligence (+4).
   rF:        It protects you from fire.
   rPois:     It protects you from poison.
   MP:        It affects your magic capacity (-9).
 u - a ring of wizardry (right hand)
Wands
 h - a wand of flame (5)
Scrolls
 b - 2 scrolls of enchant weapon {unknown}
 c - a scroll of immolation {unknown}
 d - 2 scrolls of identify
 g - a scroll of noise {unknown}
 p - a scroll of poison {unknown}
 s - a scroll of magic mapping {unknown}
 t - a scroll of blinking {unknown}
Potions
 e - a potion of flight {unknown}
 j - a potion of mutation
 k - a potion of curing {unknown}
 n - a potion of degeneration {unknown}
 o - a potion of resistance


   Skills:
 + Level 2.1 Fighting
 - Level 2.1 Dodging
 + Level 2.6 Stealth
 * Level 5.2 Spellcasting
 + Level 2.1 Invocations


You couldn't memorise any spells.
You knew the following spells:

 Your Spells              Type           Power      Damage    Failure   Level
a - Sting                 Tmut/Pois      100%       1d8       1%          1
b - Passwall              Tmut/Erth      23%        N/A       1%          2
c - Spider Form           Tmut/Pois      28%        N/A       1%          3
d - Shock                 Conj/Air       100%       1d9       1%          1
m - Mephitic Cloud        Conj/Pois/Air  28%        N/A       1%          3
q - Poisonous Vapours     Pois/Air       56%        N/A       1%          2
r - Olgreb's Toxic Radia  Pois           28%        N/A       4%          4
Your spell library was empty.

Dungeon Overview and Level Annotations

Branches:
Dungeon (5/15)
 Temple: D:4-7

Altars:
Okawaru
Yredelemnul

Shops:
D:1 ?

Annotations:
D:5 Pikel, Prince Ribbit


Innate Abilities, Weirdness & Mutations

You are immune to sickness and miasma.
You are immune to poison.
Your flesh is very heat resistant. (rF++)
You are vulnerable to cold. (rC-)
You float through the air rather than walking.
You learn spells naturally, not from books.
Your magical power is your life essence.
You have superior vitality. (+4 MHP)


Message History

* * * LOW HITPOINT WARNING * * *
Unknown command.
You feel much better. Prince Ribbit barely misses you.
The white imp gestures at you. The puff of frost hits you!
Unknown command.
Unknown command.
Aiming: Throw Flame
Press: ? - help, Shift-Dir - straight line, f - white imp
Aim: a white imp (68% to hit)
Prince Ribbit hits you!
* * * LOW HITPOINT WARNING * * *
You feel a bit more experienced.
Unknown command.
Unknown command.
Okay, then.
Unknown command.
Casting: Shock (safe; 1% risk of failure)
Confirm with . or Enter, or press ? or * to list all spells.
Aiming: Mephitic Cloud (safe; 1% risk of failure)
Press: ? - help, Shift-Dir - straight line, f - Prince Ribbit
Aim: Prince Ribbit (heavily wounded, very poisoned, chance to affect: 72%)
The ball explodes into a vile cloud!
The stinking cloud engulfs Prince Ribbit but does no damage.
Prince Ribbit is heavily wounded.
The stinking cloud engulfs you but does no damage.
The stinking cloud engulfs the demonic plant but does no damage.
* * * LOW HITPOINT WARNING * * *
Prince Ribbit is engulfed in noxious fumes.
Prince Ribbit hits you.
* * * LOW HITPOINT WARNING * * *
Prince Ribbit is engulfed in noxious fumes.
Prince Ribbit appears confused.
Prince Ribbit closely misses you.
Unknown command.
Prince Ribbit is engulfed in noxious fumes.
Prince Ribbit appears confused.
Prince Ribbit is engulfed in noxious fumes.
Prince Ribbit appears confused.
Prince Ribbit hits you.
You die...
Your body rises from the dead as a mindless zombie.

#.......# ##.#####
#.##..#.# ####### #.#
#.###.#.# #.....# #.#
#.##..#.# #.....# ###.####
#.##.##.# #.....# #..)...#
#Z......# #.....# #.#.>..#
####.#### #.....###.#....#
#.# #.......#.#....# #.#
#.#@(##.#.##.#.# #.##
#..PFP☼.#......#
##.#.######..≈☼§§......###
#.###......§.§○☼☼..#####
##.#.Z####.§§≈§§≈.## #.#.#
#..§§§≈≈.#
###.######P).♣..#
#...<.....#####
#########.#


You could see Prince Ribbit (confused, very poisoned).

Vanquished Creatures
  Eustachio (D:4)
  An ogre (D:5)
  A scorpion (D:5)
  An orc priest (D:3)
  2 iguanas (D:4)
  2 adders (D:3)
  4 gnolls (D:3)
  A white imp (D:5)
  An ufetubus (D:5)
  2 worms (D:3)
  2 dart slugs
  6 orcs
  3 bats (D:2)
  An endoplasm (D:1)
  A giant cockroach (D:2)
  3 goblins
  3 hobgoblins
  4 jackals (D:3)
  5 kobolds
  5 quokkas
  2 ball pythons
  A frilled lizard (D:3)
  5 rats
57 creatures vanquished.

Vanquished Creatures (collateral kills)
  A hound (D:5)
  A kobold (D:3)
2 creatures vanquished.

Vanquished Creatures (others)
  A hound zombie (D:5)
  A ball python zombie (D:4)
  A goblin zombie (D:3)
  A kobold zombie (D:4)
  3 orc zombies
  A quokka zombie (D:4)
  A spectral ufetubus (D:5)
  A demonic plant (D:5)
  A plant (D:2)
11 creatures vanquished.

Grand Total: 70 creatures vanquished

Notes
Turn   | Place    | Note
-------+----------+-------------------------------------------
     0 | D:1      | Spectrina the Djinni Venom Mage began the quest for the
                  | Orb.
     0 | D:1      | Spectrina set off with the following spells memorised:
                  | Sting, Poisonous Vapours, Mephitic Cloud, Olgreb's Toxic
                  | Radiance.
     0 | D:1      | Reached XP level 1. HP: 15/15 MP: 0/0
    42 | D:1      | Found Pynwuon's Magic Scroll Boutique.
   331 | D:2      | Reached XP level 2. HP: 3/21 MP: 0/0
   463 | D:2      | Reached skill level 3 in Spellcasting
   688 | D:3      | Reached XP level 3. HP: 9/25 MP: 0/0
   688 | D:3      | Learned a level 1 spell: Shock
   875 | D:3      | Reached XP level 4. HP: 18/31 MP: 0/0
   875 | D:3      | Upgraded the game from 0.29-a0-962-gc8bbfd0a37 to
                  | 0.29-a0-973-gac7da5f7f0
   906 | D:3      | Found a basalt altar of Yredelemnul.
   920 | D:3      | Became a worshipper of Yredelemnul the Dark
   969 | D:3      | Reached skill level 4 in Spellcasting
   969 | D:3      | Reached XP level 5. HP: 7/35 MP: 0/0
   969 | D:3      | Learned a level 2 spell: Passwall
  1430 | D:4      | Found an iron altar of Okawaru.
  1433 | D:4      | Noticed Eustachio
  1455 | D:4      | Identified the ring of Boyfos {rPois rF+ MP-9 AC+4 Int+4}
  1721 | D:4      | Killed Eustachio
  1722 | D:4      | Reached skill level 1 in Fighting
  1722 | D:4      | Reached skill level 1 in Invocations
  1722 | D:4      | Reached XP level 6. HP: 4/42 MP: 0/0
  1894 | D:5      | Entered Level 5 of the Dungeon
  1898 | D:5      | Noticed Pikel
  2265 | D:5      | Reached skill level 5 in Spellcasting
  2265 | D:5      | Reached XP level 7. HP: 42/48 MP: 0/0
  2265 | D:5      | Learned a level 3 spell: Spider Form
  2332 | D:5      | Noticed Prince Ribbit
  2352 | D:5      | Slain by Prince Ribbit

Illustrated notes

Levels and vault maps discovered:
D:1:      amcnicky_arrival_abandoned_market, layout_loops_corners,
          serial_rivers, chequers_serial_rivers_room_b,
          chequers_serial_rivers_micro_c, chequers_serial_rivers_micro_e,
          chequers_serial_rivers_room_b, serial_shops, nicolae_shop_crystal,
          serial_bayou_pond_e
D:2:      layout_basic, basic_altar, shapermc_ecumenical_altar_pompeii,
          serial_forest, infiniplex_forest_end_double, infiniplex_forest_split,
          infiniplex_forest_end_1, infiniplex_forest_lined_room_3,
          grunt_ministairs_2
D:3:      layout_basic, lemuel_crystal_altar, mainiacjoe_overflow_alcove_1
D:4:      layout_basic, okawaru_ov_weapons_minmay, vehumet_altar_wand_db,
          uniq_eustachio
D:5:      layout_loops_cross, lemuel_doored_altar, cheibriados_altar_1,
          serial_demonic, serial_demonic_f, serial_demonic_e, serial_demonic_b,
          serial_demonic_d, serial_demonic_d, serial_demonic_e,
          uniq_prince_ribbit1, uniq_pikel

Skill      XL: |  1  2  3  4  5  6  7 |
---------------+----------------------+-----
Spellcasting   | 3 4 5 |  5.2
Fighting       | 1 2 |  2.1
Stealth        | 2 |  2.6
Invocations    | 1 2 |  2.1
Dodging        | |  2.1

Action                   |  1- 3 |  4- 6 |  7- 9 || total
-------------------------+-------+-------+-------++-------
Melee: Unarmed           |     7 |       |       ||     7
       Short sword       |       |     4 |       ||     4
       War axe           |       |     1 |       ||     1
 Fire: Sling             |       |     9 |     3 ||    12
 Cast: Sting             |    33 |    11 |       ||    44
       Poisonous Vapours |     7 |    28 |     1 ||    36
       Shock             |     8 |    18 |       ||    26
       Olgreb's Toxic Ra |       |     1 |     2 ||     3
       Mephitic Cloud    |       |     1 |     1 ||     2
Invok: Recall Undead Har |       |     2 |       ||     2
Evoke: Wand              |       |       |     1 ||     1
  Use: Potion            |     2 |       |     2 ||     4
       Scroll            |     2 |       |     1 ||     3
Armor: Robe              |     7 |     2 |     1 ||    10
Dodge: Dodged            |    20 |    13 |     5 ||    38

Table legend: (Time is in decaauts)
 A = Elapsed time spent in this place.
 B = Non-inter-level travel time spent in this place.
 C = Inter-level travel time spent in this place.
 D = Time resting spent in this place.
 E = Time spent auto-exploring this place.
 F = Levels seen in this place.
 G = Mean time per level.
                   A        B        C        D        E       F      G
               +--------+--------+--------+--------+--------+-----+--------+
         Total |   2354 |   2272 |     82 |      0 |      0 |   5 |  470.8 |
       Dungeon |   2354 |   2272 |     82 |      0 |      0 |   5 |  470.8 |
               +--------+--------+--------+--------+--------+-----+--------+

Top non-repeatable levels by time:
     D:4: 862 daAuts
     D:3: 647 daAuts
     D:2: 479 daAuts
     D:1: 196 daAuts
     D:5: 168 daAuts
